 Dungeon Crawl Stone Soup version 0.31-a0-204-g7da18cac08 (webtiles) character file.

Game seed: 7275112442306349605

83 qw the Shooter (level 4, 0/25 HPs)
             Began as a Deep Elf Hunter on June 27, 2023.
             Slain by Grinder (6 damage)
             ... on level 3 of the Dungeon.
             The game lasted 00:00:31 (1852 turns).

qw the Shooter (Deep Elf Hunter)                    Turns: 1852, Time: 00:00:31

Health: 0/25       AC:  6    Str: 10    XL:     4   Next: 22%
Magic:  6/6        EV: 11    Int: 14    God:
Gold:   132        SH:  0    Dex: 18    Spells: 3/3 levels left

rFire   . . .        Y - +0 shortbow (heavy)
rCold   + . .        (shield currently unavailable)
rNeg    . . .        a - +0 ring mail
rPois   .            (no helmet)
rElec   .            (no cloak)
rCorr   +            e - +0 pair of gloves
SInv    .            (no boots)
Will    .....        (no amulet)
Stlth   +            d - ring of resist corrosion
HPRegen 0.24/turn    i - ring of protection from cold
MPRegen 0.10/turn

%: no passive effects
@: no status effects
A: no striking features
a: no special abilities


You were on level 3 of the Dungeon.
You visited 1 branch of the dungeon, and saw 3 of its levels.

You collected 132 gold pieces.


   Skills:
 - Level 1.5 Fighting
 + Level 7.6 Ranged Weapons
 - Level 2.4 Dodging
 - Level 1.2 Stealth


You had 3 spell levels left.
You didn't know any spells.
Your spell library was empty.

Inventory:

Hand Weapons
 Y - a +0 heavy shortbow (weapon)
Armour
 a - a +0 ring mail (worn)
 e - a +0 pair of gloves (worn)
Jewellery
 d - a ring of resist corrosion (left hand)
 i - a ring of protection from cold (right hand)
Scrolls
 b - a scroll of amnesia {unknown}
Potions
 f - a potion of mutation {unknown}

Dungeon Overview and Level Annotations

Branches:
Dungeon (3/15)

Altars:
Wu Jian

Annotations:
D:3 Grinder


Message History

You start waiting.
You feel yourself speed up.
Done waiting.
You see here the felid corpse of Natasha.
An orc comes into view. It is wielding a +0 flail.
The orc shouts!
You shoot an arrow.
The arrow hits the orc but does no damage.
You shoot an arrow. The arrow hits the orc.
The orc is heavily wounded.
The orc completely misses you.
You shoot an arrow. The arrow hits the orc!
You kill the orc!
A kobold comes into view. It is wielding a +0 dagger.
You shoot an arrow. The kobold shouts!
The arrow hits the kobold.
You kill the kobold!
b - a scroll labelled YCACVI INKO
Things that are here:
a +0 flail; a +0 ring mail; an orc corpse You now have 132 gold pieces (gained 15).
Found a book of Callings.
Found a stone staircase leading down.
Grinder comes into view.
Grinder shouts!
You shoot an arrow. The arrow barely misses Grinder.
Grinder blinks!
You shoot an arrow. The arrow hits Grinder!
Grinder is moderately wounded.
Grinder says, "Don't move a muscle."
Grinder hits you. x2; You writhe in agony.
You shoot an arrow. The arrow closely misses Grinder.
Grinder hits you.
You writhe in agony.
Grinder closely misses you.
You shoot an arrow. The arrow closely misses Grinder.
Grinder gestures at you. You resist with significant effort.
You shoot an arrow. The arrow hits Grinder.
Grinder is heavily wounded.
Grinder hits you.
You die...

############
##..5>.......
#....@# +..##.#
##.##.####
##.......#
#........#
##.......##
...........###.#
#..#............#
#...)......####.#


You could see Grinder.

Vanquished Creatures
  Natasha (D:3)
  2 adders (D:2)
  2 dart slugs
  An orc (D:3)
  3 endoplasms
  5 goblins
  6 hobgoblins
  2 quokkas (D:2)
  5 ball pythons
  2 bats (D:1)
  3 frilled lizards
  3 kobolds
  2 rats
37 creatures vanquished.

Notes
Turn   | Place    | Note
-------+----------+-------------------------------------------
     0 | D:1      | qw the Deep Elf Hunter began the quest for the Orb.
     0 | D:1      | Reached XP level 1. HP: 12/12 MP: 3/3
     0 | D:1      | 0 ||| qw: Version: 0.3-a-22-g0ed2b0b
     0 | D:1      | 0 ||| qw: Game counter: 6600
     0 | D:1      | 0 ||| qw: Melee chars always use a shield: true
     0 | D:1      | 0 ||| qw: God list: Okawaru
     0 | D:1      | 0 ||| qw: Allow faded altars: false
     0 | D:1      | 0 ||| qw: Do Orc after clearing Dungeon:15 true
     0 | D:1      | 0 ||| qw: Do second Lair branch before Depths: true
     0 | D:1      | 0 ||| qw: Lair rune preference: random
     0 | D:1      | 0 ||| qw: Goals: Normal
     0 | D:1      | 0 ||| PLANNING D:1-11
   232 | D:1      | Reached XP level 2. HP: 16/16 MP: 4/4
   236 | D:1      | Reached skill level 6 in Ranged Weapons
   619 | D:1      | 619 ||| FLEEEEING.
   624 | D:1      | 624 ||| FLEEEEING.
   697 | D:1      | 697 ||| UPGRADING to +0 pair of gloves.
   702 | D:1      | 702 ||| UPGRADING to ring of resist corrosion.
   703 | D:1      | 703 ||| UPGRADING to ring of protection from cold.
   704 | D:1      | 704 ||| READING scroll labelled EWUHEPL HYKH.
   705 | D:1      | 705 ||| READING scroll labelled XIBEICV KUIPN.
   806 | D:1      | 806 ||| READING 2 scrolls labelled SONAIVVUOTEDGH.
   836 | D:1      | 836 ||| DRINKING 2 lumpy red potions.
   837 | D:1      | 837 ||| DROPPING scroll of butterflies.
   838 | D:1      | 838 ||| DROPPING potion of attraction.
   839 | D:1      | 839 ||| DROPPING scroll of torment.
   912 | D:2      | Found an ornate altar of the Wu Jian Council.
   978 | D:2      | Reached XP level 3. HP: 15/20 MP: 5/5
  1173 | D:2      | Reached skill level 7 in Ranged Weapons
  1600 | D:2      | 1600 ||| UPGRADING to +0 ring mail.
  1610 | D:2      | 1610 ||| DROPPING +0 leather armour.
  1611 | D:2      | 1611 ||| READING scroll labelled ROICIABBELIMA.
  1612 | D:2      | 1612 ||| READING scroll labelled QOINOL FECIKLAETTO.
  1707 | D:3      | Noticed Natasha
  1709 | D:3      | Killed Natasha
  1710 | D:3      | Reached XP level 4. HP: 23/25 MP: 6/6
  1847 | D:3      | Noticed Grinder
  1850 | D:3      | HP: 5/25 [Grinder (5)]
  1852 | D:3      | Slain by Grinder

Levels and vault maps discovered:
D:1:      dpeg_arrival_simpleton_c, layout_loops_ring, moated_statue,
          chequers_serial_rivers_room_a
D:2:      layout_basic, basic_altar
D:3:      layout_loops_ring, grunt_temple_overflow_diamond,
          ebering_ecumenical_altar_abandoned, kennysheep_another_room,
          amethyst_killhole, uniq_grinder, uniq_natasha

Skill      XL: |  1  2  3 |
---------------+----------+-----
Ranged Weapons | 6 7 |  7.6
Fighting       | |  1.5
Dodging        | |  2.4
Stealth        | |  1.2

Action                     |  1- 3 |  4- 6 || total
---------------------------+-------+-------++-------
   Fire: Shortbow          |    84 |     9 ||    93
    Use: Scroll            |     5 |       ||     5
         Potion            |     1 |       ||     1
 Armour: Leather armour    |     4 |       ||     4
  Dodge: Dodged            |    12 |     2 ||    14

Table legend:
 A = Non-vault XP
 B = Vault XP
 C = Vault XP percentage of total XP
 D = Non-vault monster count
 E = Vault monster count
 F = Vault count percentage of total count
                 A         B        C        D         E       F
            +---------+---------+-------+---------+---------+-------
      Total |      84 |      35 |  29.4 |      36 |       1 |   2.7
            +---------+---------+-------+---------+---------+-------
        D:1 |      25 |       0 |   0.0 |      17 |       0 |   0.0
        D:2 |      55 |       0 |   0.0 |      17 |       0 |   0.0
        D:3 |       4 |      35 |  89.7 |       2 |       1 |  33.3
            +---------+---------+-------+---------+---------+-------
